 Dungeon Crawl Stone Soup version 0.27-a0-1595-g0b823d0a13 (webtiles) character file.

Game seed: 14059480742878356342

25 Anon1729 the Ducker (level 3, -1/29 HPs)
             Began as a Merfolk Monk on July 20, 2021.
             Was a Priest of Cheibriados.
             Slain by a gnoll (4 damage)
             ... on level 2 of the Dungeon.
             The game lasted 00:01:52 (1518 turns).

Anon1729 the Ducker (Merfolk Monk)                  Turns: 1518, Time: 00:01:52

Health: -1/29      AC:  2    Str: 17    XL:     3   Next: 6%
Magic:  0/3        EV: 14    Int: 16    God:    Cheibriados [***...]
Gold:   44         SH:  0    Dex: 22    Spells: 2/2 levels left

rFire    . . .     SeeInvis .     - Unarmed
rCold    . . .     Faith    .   (no shield)
rNeg     . . .     Spirit   .   a - +0 robe
rPois    .         Reflect  .   (no helmet)
rElec    .         Harm     .   (no cloak)
rCorr    .         Rampage  .   (no gloves)
Will     .....     Rnd*Tele +   (no boots)
Stlth    +++.......             (no amulet)
HPRegen  0.09/turn              (no ring)
MPRegen  0.08/turn              (no ring)

@: very slow
A: (nimble swimmer 2), mertail, sense surroundings 1, teleportitis 1, subdued
magic 1
a: Renounce Religion, Bend Time, Temporal Distortion


You were on level 2 of the Dungeon.
You worshipped Cheibriados.
Cheibriados was most pleased with you.
You visited 1 branch of the dungeon, and saw 2 of its levels.

You collected 44 gold pieces.

Inventory:

Armour
 a - a +0 robe (worn)
Scrolls
 e - a scroll of summoning {unknown}
Potions
 d - a potion of magic {unknown}


   Skills:
 - Level 3.4 Fighting
 - Level 4.1 Dodging
 - Level 2.3 Stealth
 * Level 4.1 Unarmed Combat
 + Level 0.4 Spellcasting
 + Level 0.4 Transmutations


You had 2 spell levels left.
You didn't know any spells.
Your spell library contained the following spells:

 Spells                   Type           Power      Damage    Failure   Level
 Slow                     Hex            0%         N/A       32%         2
 Confusing Touch          Hex            0%         N/A       54%         3
 Yara's Violent Unravell  Hex/Tmut       0%         3d3       99%         5


Dungeon Overview and Level Annotations

Branches:
Dungeon (2/15)

Altars:
Cheibriados

Annotations:
D:2 Sigmund


Innate Abilities, Weirdness & Mutations

((You are quick and stealthy near water. (Stealth+, EV+, Speed+++)))
Your lower body shifts to a powerful aquatic tail in water.
You passively map a small area around you.
You are occasionally teleported next to monsters.
Your spells are a little easier to cast, but a little less powerful.


Message History

The gnoll shouts! x2
A gnoll comes into view. It is wielding a +0 club.
The gnoll shouts!
You hit the gnoll but do no damage. The gnoll hits you with a +0 whip.
You barely miss the gnoll. The gnoll closely misses you.
You barely miss the gnoll. The gnoll barely misses you.
The gnoll hits you with a +0 whip.
You barely miss the gnoll. The gnoll closely misses you.
Okay, then.
You hit the gnoll.
The gnoll is moderately wounded.
The gnoll closely misses you.
You hit the gnoll but do no damage.
The gnoll is moderately wounded.
The gnoll hits you with a +0 whip.
You hit the gnoll but do no damage.
The gnoll is moderately wounded.
The gnoll barely misses you. The gnoll closely misses you.
You hit the gnoll but do no damage.
The gnoll is moderately wounded.
The gnoll hits you with a +0 whip. The gnoll hits you with a +0 club.
The flow of time bends around you.
Cheibriados rebukes the gnoll.
The gnoll seems to slow down.
Cheibriados rebukes the gnoll.
The gnoll seems to slow down.
Cheibriados rebukes the gnoll.
The gnoll seems to slow down.
The gnoll closely misses you. The gnoll hits you with a +0 whip!
* * * LOW HITPOINT WARNING * * *
It was a potion of mutation.
You feel extremely strange.
You feel weirdly uncertain.
Your connection to magic feels subdued.
You feel a strange attunement to the structure of the dungeons.
The gnoll closely misses you. The gnoll hits you with a +0 flail.
* * * LOW HITPOINT WARNING * * *
It was a potion of curing.
You feel better. The gnoll barely misses you.
The gnoll hits you with a +0 club.
* * * LOW HITPOINT WARNING * * *
The gnoll hits you with a +0 flail.
You die...

#######...........#.#
#.....#.....#.#
#...........+.†
#.....#.....#)#
#.............#
#####†....#.......#
#.........#####...#
#........## #...#
#.@......# #...#
#ggg.....# #...#
...............#
#####
..........(....#
...............#
.........#######
.........# .........#
.........#


You could see 3 gnolls.

Vanquished Creatures
  3 dart slugs
  An endoplasm (D:2)
  2 goblins (D:1)
  A hobgoblin (D:2)
  2 jackals (D:2)
  2 kobolds
  4 ball pythons
  A bat (D:1)
  3 frilled lizards (D:1)
19 creatures vanquished.

Vanquished Creatures (others)
  6 withered plants (D:1)
6 creatures vanquished.

Grand Total: 25 creatures vanquished

Notes
Turn   | Place    | Note
-------+----------+-------------------------------------------
     0 | D:1      | Anon1729 the Merfolk Monk began the quest for the Orb.
     0 | D:1      | Reached XP level 1. HP: 18/18 MP: 1/1
   220 | D:1      | Reached XP level 2. HP: 24/24 MP: 2/2
   647 | D:1      | Found a faded altar of an unknown god.
  1066 | D:1      | Became a worshipper of Cheibriados the Contemplative
  1066 | D:1      | Reached * piety under Cheibriados
  1066 | D:1      | Reached ** piety under Cheibriados
  1281 | D:2      | Noticed Sigmund
  1320 | D:2      | Reached *** piety under Cheibriados
  1433 | D:2      | Reached XP level 3. HP: 25/29 MP: 3/3
  1517 | D:2      | Gained mutation: You are occasionally teleported next to
                  | monsters. [potion of mutation]
  1517 | D:2      | Gained mutation: Your spells are a little easier to cast,
                  | but a little less powerful. [potion of mutation]
  1517 | D:2      | Gained mutation: You passively map a small area around you.
                  | [potion of mutation]
  1518 | D:2      | Slain by a gnoll

Illustrated notes

Levels and vault maps discovered:
D:1:      minmay_arrival_doors, layout_basic,
          shapermc_ecumenical_altar_flowoftime, hex_intersection,
          nrook_mini_vaults
D:2:      layout_basic, uniq_robin, uniq_sigmund

Skill      XL: |  1  2 |
---------------+-------+-----
Unarmed Combat | 4 |  4.1
Fighting       | |  3.4
Dodging        | |  4.1
Stealth        | |  2.3
Spellcasting   | |  0.4
Transmutations | |  0.4

Action                   || total
-------------------------++-------
Melee: Unarmed           ||    94
       Punch             ||     1
Invok: Bend Time         ||     1
  Use: Potion            ||     2
 Stab: Sleeping          ||     8
Armor: Robe              ||     7
Dodge: Dodged            ||    48

Table legend: (Time is in decaauts)
 A = Elapsed time spent in this place.
 B = Non-inter-level travel time spent in this place.
 C = Inter-level travel time spent in this place.
 D = Time resting spent in this place.
 E = Time spent auto-exploring this place.
 F = Levels seen in this place.
 G = Mean time per level.
                   A        B        C        D        E       F      G
               +--------+--------+--------+--------+--------+-----+--------+
         Total |   1620 |   1564 |     56 |     98 |   1234 |   2 |  810.0 |
       Dungeon |   1620 |   1564 |     56 |     98 |   1234 |   2 |  810.0 |
               +--------+--------+--------+--------+--------+-----+--------+

Top non-repeatable levels by time:
     D:1: 1118 daAuts
     D:2: 501 daAuts
